 Dungeon Crawl Stone Soup version 0.19-a0-36-g4a0968a (webtiles) character file.

58 manon the Insei (level 4, 0/24 HPs)
             Began as a Vine Stalker Monk on May 3, 2016.
             Succumbed to an adder's poison
             ... on level 2 of the Dungeon.
             The game lasted 00:06:13 (1213 turns).

manon the Insei (Vine Stalker Monk)                 Turns: 1213, Time: 00:06:13

Health: 0/24       AC:  2    Str: 14    XL:     4   Next: 2%
Magic:  1/5        EV: 13    Int: 11    God:
Gold:   24         SH:  0    Dex: 16    Spells: 0 memorised, 3 levels left

rFire  . . .     SeeInvis .       - Unarmed
rCold  . . .     Gourm    .     a - +0 robe
rNeg   . . .     Faith    .     (no shield)
rPois  .         Spirit   +     (no helmet)
rElec  .         Dismiss  .     (no cloak)
rCorr  .         Reflect  .     (no gloves)
SustAt .         Harm     .     (no boots)
MR     .....                    (no amulet)
Stlth  ++........               (no ring)
                                (no ring)

@: lethally poisoned (0 -> -1), about to teleport, drained, not resistant to
hostile enchantments, unstealthy
A: fangs 2, regeneration 1, magic shield, antimagic bite, no device heal 3, rot
immunity
a: no special abilities


You were on level 2 of the Dungeon.
You were not hungry.

You visited 1 branch of the dungeon, and saw 2 of its levels.

You collected 24 gold pieces.

Inventory:

Armour
 a - a +0 robe (worn)
Magical Staves
 j - an uncursed staff of wizardry
Scrolls
 c - 2 scrolls of identify
 f - a scroll of teleportation
 i - a scroll of immolation {unknown}
Potions
 d - a potion of lignification {unknown}
 e - a potion of curing
 g - a potion of ambrosia {unknown}
Comestibles
 b - 2 bread rations
 h - 2 fruits
 k - a chunk of flesh


   Skills:
 + Level 3.4(3.2) Fighting
 - Level 2.4(2.2) Dodging
 - Level 2.4(2.2) Stealth
 * Level 4.8(4.6) Unarmed Combat


You had 3 spell levels left.
You didn't know any spells.

Dungeon Overview and Level Annotations

Branches:
Dungeon (2/15)

Altars:
Elyvilon
Makhleb
Sif Muna
Yredelemnul

Annotations:
D:2 Robin


Innate Abilities, Weirdness & Mutations

You have extremely sharp teeth.
Your natural rate of healing is unusually fast.
When hurt, damage is shared between your health and your magic reserves.
Your bite disrupts and absorbs the magic of your enemies.
Potions and wands cannot restore your health.
You are immune to rotting.


Message History

You feel invigorated.
The adder is moderately wounded.
The adder bites you.
You miss the adder.
The adder is moderately wounded.
The adder bites you.
* * * LOW HITPOINT WARNING * * *
Read which item? (? for menu, Esc to quit)
As you read the scroll labeled DIR OZUOGE XEN, it crumbles to dust.
It is a scroll of identify.
Identify which item? (\ to view known items) (? for menu, Esc to quit)
f - 2 scrolls of teleportation The adder bites you.
* * * LOW HITPOINT WARNING * * *
You are lethally poisoned!
The adder poisons you! The adder bites you but does no damage.
Read which item? (? for menu, Esc to quit)
As you read the scroll of teleportation, it crumbles to dust.
You feel strangely unstable.
You die...

#.#.........
#g#.........
#g#.........
#.#.........
#g#........)
#######[#.........
#gg(g##.........##
#S##(...........#.
#@##...........##_
#l##...........#8.
#.##...........##_
#.#.##.##.........#.
#.#.##.##.........##
#.#.##.############
#.#..#.# #......###
#.##.#.# #.........
#.##g#.# #......###


You could see an adder, 2 goblins and a giant newt.

Vanquished Creatures
  An adder (D:2)
  An ooze (D:1)
  2 dart slugs (D:1)
  A giant gecko (D:2)
  A giant cockroach (D:1)
  10 goblins
  7 hobgoblins
  4 kobolds
  A quokka (D:2)
  4 bats
  2 giant newts (D:1)
  4 rats
38 creatures vanquished.

Notes
Turn   | Place    | Note
--------------------------------------------------------------
     0 | D:1      | manon the Vine Stalker Monk began the quest for the Orb.
     0 | D:1      | Reached XP level 1. HP: 11/11 MP: 2/2
   123 | D:1      | Reached XP level 2. HP: 16/16 MP: 3/3
   406 | D:1      | Reached XP level 3. HP: 16/20 MP: 2/4
   582 | D:2      | Found a white marble altar of Elyvilon.
   841 | D:2      | Found a deep blue altar of Sif Muna.
   960 | D:2      | Noticed Robin
  1076 | D:2      | Found a burning altar of Makhleb.
  1080 | D:2      | Found a basalt altar of Yredelemnul.
  1189 | D:2      | Reached XP level 4. HP: 14/24 MP: 3/5
  1212 | D:2      | HP: 1/24 [adder (2)]
  1213 | D:2      | Succumbed to an adder's poison

Vault maps used:
D:1:      dpeg_arrival_snail
D:2:      lemuel_blue_sif_altar, elyvilon_altar_4,
          gammafunk_temple_overflow_statue, first_bread, interstate_on_off,
          uniq_robin

Skill      XL: |  1  2 |
---------------+-------+-----
Fighting       | 3 |  3.4
Dodging        | |  2.4
Stealth        | |  2.4
Unarmed Combat | |  4.8

Action                   |  1- 3 |  4- 6 || total
-------------------------+-------+-------++-------
Melee: Unarmed           |    99 |     6 ||   105
       Bite              |    23 |     1 ||    24
       Punch             |     2 |       ||     2
  Use: Scroll            |       |     2 ||     2
       Potion            |       |     1 ||     1
 Stab: Sleeping          |    11 |       ||    11
  Eat: Chunk             |     1 |       ||     1
Armor: Robe              |     9 |     3 ||    12
Dodge: Dodged            |    48 |     6 ||    54
